 Dungeon Crawl Stone Soup version 0.29.0-4-gdea44cf6ec (webtiles) character file.

Game seed: 9190335228450471979

174 qw the Chopper (level 5, 0/45 HPs)
             Began as a Minotaur Fighter on Sept 4, 2022.
             Slain by a wraith (8 damage)
             ... on level 5 of the Dungeon.
             The game lasted 00:01:16 (3816 turns).

qw the Chopper (Minotaur Fighter)                   Turns: 3816, Time: 00:01:17

Health: 0/45       AC: 10    Str: 22    XL:     5   Next: 28%
Magic:  0/4        EV:  9    Int:  5    God:
Gold:   216        SH:  4    Dex: 10    Spells: 4/4 levels left

rFire   . . .      SeeInvis .   Y - +1 war axe
rCold   . . .      Faith    .   c - +0 buckler
rNeg    . . .      Spirit   +   b - +0 scale mail
rPois   .          Reflect  .   (helmet restricted)
rElec   .          Harm     .   (no cloak)
rCorr   .          Rampage  .   (no gloves)
Will    .....                   (no boots)
Stlth   ..........              e - amulet of guardian spirit
HPRegen 0.15/turn               i - +4 ring of protection
MPRegen 0.09/turn               (no ring)

@: slowed, very slow
A: horns 2, retaliatory headbutt
a: no special abilities


You were on level 5 of the Dungeon.
You visited 1 branch of the dungeon, and saw 5 of its levels.

You collected 216 gold pieces.


Innate Abilities, Weirdness & Mutations

You have a pair of horns on your head.
You reflexively headbutt those who attack you in melee.


   Skills:
 - Level 3.6 Fighting
 + Level 6.5 Axes
 - Level 3.6 Armour
 - Level 1.2 Dodging
 - Level 3.6 Shields


You had 4 spell levels left.
You didn't know any spells.
Your spell library was empty.

Inventory:

Hand Weapons
 f - a +0 club
 Y - a +1 war axe (weapon)
Missiles
 q - 6 boomerangs (quivered)
Armour
 b - a +0 scale mail (worn)
 c - a +0 buckler (worn)
Jewellery
 e - an amulet of guardian spirit (around neck)
 i - a +4 ring of protection (left hand)
Scrolls
 a - 2 scrolls of identify
Potions
 d - 2 potions of might
 g - 3 potions of curing
 j - 2 potions of haste

Dungeon Overview and Level Annotations

Branches:
Dungeon (5/15)
 Temple: D:4-7

Altars:


Message History

You hit the wraith.
The wraith is lightly damaged.
The wraith closely misses you. The wraith hits you.
The wraith drains your vigour!
You feel as though you will be slow longer.
You hit the wraith. You headbutt the wraith.
The wraith is moderately damaged.
The wraith hits you but does no damage. The wraith barely misses you.
You hit the wraith but do no damage.
The wraith is moderately damaged.
The wraith barely misses you. You furiously retaliate!
You headbutt the wraith, but do no damage.
You block the wraith's attack.
You hit the wraith but do no damage.
The wraith is moderately damaged.
The wraith hits you! The wraith drains your vigour!
You feel as though you will be slow longer.
The wraith hits you! The wraith drains your vigour!
You feel as though you will be slow longer.
You completely miss the wraith.
The wraith is moderately damaged.
The wraith barely misses you. You furiously retaliate!
You headbutt the wraith, but do no damage.
You closely miss the wraith.
You headbutt the wraith, but do no damage.
The wraith is moderately damaged.
The wraith closely misses you. The wraith misses you.
You hit the wraith.
The wraith is heavily damaged.
The wraith hits you. x2; The wraith drains your vigour!
You feel as though you will be slow longer.
You closely miss the wraith.
The wraith is heavily damaged.
The wraith barely misses you. The wraith hits you.
The wraith drains your vigour!
You feel as though you will be slow longer.
You slash the wraith!
The wraith is severely damaged.
The wraith hits you!
You die...

#
#.#########..
#....<.......
####..##..###
#.@....#
#.W###....
##.# ## ...
..# ..## ..
##.


You could see a wraith.

Vanquished Creatures
  An orc priest (D:3)
  6 adders
  A white imp (D:5)
  A worm (D:2)
  2 dart slugs
  4 orcs (D:3)
  11 ball pythons
  3 bats
  3 endoplasms
  4 giant cockroaches
  6 goblins
  6 hobgoblins
  7 jackals
  3 kobolds
  4 quokkas
  5 frilled lizards
  2 rats
69 creatures vanquished.

Notes
Turn   | Place    | Note
-------+----------+-------------------------------------------
     0 | D:1      | qw the Minotaur Fighter began the quest for the Orb.
     0 | D:1      | Reached XP level 1. HP: 19/19 MP: 0/0
     0 | D:1      | 0 ||| qw: Version: 0.1-a-103-gd6f5d3a
     0 | D:1      | 0 ||| qw: Game counter: 5750
     0 | D:1      | 0 ||| qw: Always use a shield: true
     0 | D:1      | 0 ||| qw: God list: Ru
     0 | D:1      | 0 ||| qw: Allow faded altars: false
     0 | D:1      | 0 ||| qw: Do Orc after D:15 true
     0 | D:1      | 0 ||| qw: Do second Lair branch before Depths: true
     0 | D:1      | 0 ||| qw: Lair rune preference: random
     0 | D:1      | 0 ||| qw: Plans: Normal
     0 | D:1      | 0 ||| PLANNING D:1-11
    66 | D:1      | 66 ||| Stepping ~*~*~tactically~*~*~ (hiding).
    67 | D:1      | 67 ||| Stepping ~*~*~tactically~*~*~ (hiding).
    89 | D:1      | Reached skill level 3 in Axes
   194 | D:1      | Reached XP level 2. HP: 24/26 MP: 1/1
   239 | D:1      | 239 ||| Stepping ~*~*~tactically~*~*~ (stealth).
   240 | D:1      | 240 ||| Stepping ~*~*~tactically~*~*~ (stealth).
   256 | D:1      | 256 ||| Stepping ~*~*~tactically~*~*~ (stealth).
   257 | D:1      | 257 ||| Stepping ~*~*~tactically~*~*~ (stealth).
   261 | D:1      | 261 ||| Stepping ~*~*~tactically~*~*~ (stealth).
   262 | D:1      | 262 ||| Stepping ~*~*~tactically~*~*~ (stealth).
   412 | D:1      | 412 ||| Stepping ~*~*~tactically~*~*~ (hiding).
   599 | D:1      | Reached skill level 4 in Axes
   746 | D:1      | Found a faded altar of an unknown god.
  1074 | D:1      | 1074 ||| UPGRADING to +4 ring of protection.
  1075 | D:1      | 1075 ||| READING 2 scrolls labelled UGAMUR NANT.
  1076 | D:1      | 1076 ||| READING 2 scrolls labelled JISICOS GUVYOZ.
  1081 | D:1      | 1081 ||| DRINKING 2 fizzy green potions.
  1119 | D:2      | Reached XP level 3. HP: 31/31 MP: 2/2
  1627 | D:2      | Reached skill level 5 in Axes
  1628 | D:2      | 1628 ||| Stepping ~*~*~tactically~*~*~ (stealth).
  1632 | D:2      | 1632 ||| Stepping ~*~*~tactically~*~*~ (stealth).
  1887 | D:2      | 1887 ||| READING scroll labelled ZON KOPPIHOIM.
  1924 | D:3      | Reached skill level 1 in Dodging
  1924 | D:3      | Reached XP level 4. HP: 37/39 MP: 3/3
  2605 | D:3      | 2605 ||| Stepping ~*~*~tactically~*~*~ (hiding).
  2619 | D:3      | Reached skill level 6 in Axes
  2619 | D:3      | Reached XP level 5. HP: 28/45 MP: 4/4
  2894 | D:3      | 2894 ||| UPGRADING to amulet of guardian spirit.
  2911 | D:3      | 2911 ||| READING scroll labelled WUEPAE LYOCLI.
  2912 | D:3      | 2912 ||| READING 3 scrolls of identify.
  2912 | D:3      | 2912 ||| IDENTIFYING clear potion
  2913 | D:3      | 2913 ||| READING 2 scrolls of identify.
  2913 | D:3      | 2913 ||| IDENTIFYING fuming ruby potion
  2914 | D:3      | 2914 ||| DROPPING potion of degeneration.
  3531 | D:4      | Identified the +1 robe "Niafawk" {Dex+7}
  3720 | D:4      | 3720 ||| DROPPING ring of magical power.
  3721 | D:4      | 3721 ||| READING scroll labelled ZINKOH WEVVI.
  3722 | D:4      | 3722 ||| READING scroll labelled CUPENA VYURY.
  3723 | D:4      | 3723 ||| READING scroll labelled JAEFFE LIYGITTAPP.
  3724 | D:4      | 3724 ||| READING 4 scrolls of identify.
  3724 | D:4      | 3724 ||| IDENTIFYING glowing black potion
  3725 | D:4      | 3725 ||| READING 3 scrolls of identify.
  3725 | D:4      | 3725 ||| IDENTIFYING inky potion
  3726 | D:4      | 3726 ||| DROPPING potion of brilliance.
  3727 | D:4      | 3727 ||| DROPPING potion of lignification.
  3728 | D:4      | 3728 ||| READING 2 scrolls of teleportation.
  3755 | D:3      | 3755 ||| READING scroll of teleportation.
  3797 | D:5      | Entered Level 5 of the Dungeon
  3799 | D:5      | Noticed a wraith
  3814 | D:5      | HP: 10/45 [wraith (4)]
  3816 | D:5      | Slain by a wraith

Levels and vault maps discovered:
D:1:      lightli_arrival_maybe_door_vault, layout_basic,
          ebering_ecumenical_altar_hall
D:2:      layout_basic, kennysheep_generic_room_7
D:3:      layout_rooms, serial_co_window_serial, co_window_paths_a,
          co_window_corner_a, co_window_paths_a, co_window_of_opportunity_a,
          co_window_corner_a, co_window_unsneaky_path_e, co_window_corner_b,
          co_window_paths_c, co_window_broadway_b, co_window_2corner,
          glass_columns_b, glass_columns_b, glass_columns_a, glass_columns_c,
          glass_columns_b
D:4:      layout_basic, serial_bayou_lagoon_a,
          amcnicky_mini_rare_corridor_liquid
D:5:      layout_basic, nicolae_elyvilon_temple_path, uniq_eustachio

Skill      XL: |  1  2  3  4 |
---------------+-------------+-----
Axes           | 3 4 5 6 |  6.5
Dodging        | 1 |  1.2
Fighting       | |  3.6
Armour         | |  3.6
Shields        | |  3.6

Action                   |  1- 3 |  4- 6 || total
-------------------------+-------+-------++-------
Melee: War axe           |    94 |    63 ||   157
       Headbutt          |    13 |    10 ||    23
  Use: Scroll            |     3 |    10 ||    13
       Potion            |     1 |       ||     1
Armor: Scale mail        |    38 |    26 ||    64
Dodge: Dodged            |    37 |    21 ||    58
Block: Buckler           |    17 |     8 ||    25

Table legend:
 A = Non-vault XP
 B = Vault XP
 C = Vault XP percentage of total XP
 D = Non-vault monster count
 E = Vault monster count
 F = Vault count percentage of total count
                 A         B        C        D         E       F
            +---------+---------+-------+---------+---------+-------
      Total |     244 |       5 |   2.0 |      66 |       3 |   4.3
            +---------+---------+-------+---------+---------+-------
        D:1 |      39 |       0 |   0.0 |      23 |       0 |   0.0
        D:2 |      39 |       5 |  11.4 |      13 |       3 |  18.8
        D:3 |     133 |       0 |   0.0 |      23 |       0 |   0.0
        D:4 |      23 |       0 |   0.0 |       6 |       0 |   0.0
        D:5 |      10 |       0 |   0.0 |       1 |       0 |   0.0
            +---------+---------+-------+---------+---------+-------
